 Dungeon Sprint DCSS version 0.31.0-12-g77e489cdc1 (webtiles) character file.

Game seed: 9007685535879358112

15624 boopmooplesden the Pulveriser (level 12, 0/190 (192) HPs)
             Began as a Minotaur Gladiator on Feb 27, 2024.
             Was the Champion of Trog.
             Slain by a death cob (19 damage)
             ... in the Dungeon (Sprint VII: "The Pits").
             The game lasted 00:07:04 (2919 turns).

boopmooplesden the Pulveriser (Minotaur Gladiator)  Turns: 2919, Time: 00:07:05

HP:   0/190 (192)   AC: 18    Str: 25    XL:     12   Next: 2%
MP:   11/11         EV: 11    Int:  5    God:    Trog [******]
Gold: 42            SH:  0    Dex: 11    Spells: 11/11 levels left

rFire   . . .        z - +3 lajatang of Grandeur {flame, rPois rC+}
rCold   + . .        (shield currently unavailable)
rNeg    . . .        y - +3 plate armour
rPois   +            c - +0 hat
rElec   .            u - +0 cloak
rCorr   .            (no gloves)
SInv    .            (no boots)
Will    ++...        (no amulet) Stlth
                     (no ring)
HPRegen 1.51/turn    (no ring)
MPRegen 0.12/turn

%: no teleportation
@: berserking, strong-willed, corroded, regenerating, slowed, glowing, lightly
drained
A: horns 2, retaliatory headbutt
a: Renounce Religion, Berserk, Trog's Hand, Brothers in Arms


You were in the Dungeon.
You worshipped Trog.
Trog was exalted by your worship.
You visited 1 branch You collected 42 gold pieces.

Inventory:

Hand Weapons
 a - a +0 quarterstaff
 l - a +2 quarterstaff
 r - a +0 quarterstaff of protection
 s - the +4 lajatang of Trog's Reproof {flame, Dex+2}
   (Trog gifted it to you in the Dungeon)

   Dex+2:     It affects your dexterity (+2).
 t - a +4 antimagic quarterstaff
 x - a +0 lajatang
 z - the +3 lajatang of Grandeur (weapon) {flame, rPois rC+}
   (Trog gifted it to you in the Dungeon)

   rC+:       It protects you from cold.
   rPois:     It protects you from poison
 H - the +7 quarterstaff "Binikhlo" {heavy, rN+}
   (Trog gifted it to you in the Dungeon)

   rN+:       It protects you from negative energy.
Missiles
 d - 3 throwing nets (quivered)
 e - a javelin
Armour
 c - a +0 hat (worn)
 u - a +0 cloak (worn)
 y - a +3 plate armour (worn)
Jewellery
 b - a +3 ring of evasion
 q - a +3 ring of dexterity
 E - a +6 ring of dexterity
 F - a ring of fire
 G - a ring of protection from cold
Wands
 D - a wand of paralysis (8)
Scrolls
 k - 2 scrolls of fear
 n - 2 scrolls of vulnerability
 o - 6 scrolls of amnesia
 p - a scroll of butterflies
 A - 3 scrolls of identify
 B - 4 scrolls of enchant armour
 C - 2 scrolls of blinking
Potions
 f - 7 potions of curing
 g - 13 potions of heal wounds
 h - 3 potions of haste
 i - 4 potions of magic
 j - 6 potions of berserk rage
 m - 2 potions of invisibility
 v - 4 potions of might
 w - 2 potions of mutation


   Skills:
 + Level 18.5 Fighting
 + Level 22.7 Staves
 + Level 4.9 Throwing
 + Level 17.4 Armour
 + Level 10.8 Dodging
 + Level 3.5 Stealth


You had 11 spell levels left.
You didn't know any spells.
Your spell library was empty.

Dungeon Overview and Level Annotations

Branches:
Dungeon (1/1)

Altars:
Cheibriados
Dithmenos
Elyvilon
Fedhas
Gozag
Hepliaklqana
Makhleb
Nemelex Xobeh
Okawaru
Qazlal
Ru
Sif Muna
Trog
Vehumet
Wu Jian
Xom
Yredelemnul
Zin
The Shining One
Jiyva
Lugonu


Innate Abilities, Weirdness & Mutations

You have a pair of horns on your head.
You reflexively headbutt those who attack you in melee.


Message History

The large abomination is almost destroyed.
The death cob hits you but does no damage.
The death cob barely misses you.
Your cyclops hits the purple draconian shifter!
You hit the large abomination. You burn the large abomination.
You destroy the large abomination!
Trog accepts your kill.
The death cob hits you but does no damage.
The purple draconian shifter hits your cyclops with a +0 rapier.
Your cyclops dies!
Your cyclops's corpse disappears in a puff of smoke!
The shadow dragon bites you!
* * * LOW HITPOINT WARNING * * *
You feel drained.
* * * LOW HITPOINT WARNING * * *
The shadow dragon claws you but does no damage.
The shadow dragon closely misses you. The death cob hits you!
* * * LOW HITPOINT WARNING * * *
The death cob drains your vigour!
You feel as though you will be slow longer.
Your life force feels restored.
You have reached level 12!
You feel stronger.
You hit the death cob. You burn the death cob.
The death cob is lightly damaged.
The death cob hits you!
* * * LOW HITPOINT WARNING * * *
The death cob drains your vigour!
You feel as though you will be slow longer.
The rust devil hits you.
* * * LOW HITPOINT WARNING * * *
The rust devil corrodes you! The shadow dragon bites you.
* * * LOW HITPOINT WARNING * * *
You feel drained. The shadow dragon barely misses you.
The shadow dragon claws you but does no damage.
You slice the death cob!! You burn the death cob. You headbutt the death cob!!
The death cob is severely damaged.
The death cob barely misses you. You furiously retaliate!
You headbutt the death cob. The death cob hits you!!
You die...

+..........#
+..........#
#..#....#..#
#..........+
#..........+
###§'####''#
###'q####''############
#...§D.##...).)........
#.#'##@##.....)........
#.#[H4z##..############
#.'|)#A##..#
#.#)"'.##..#
###########.')/#.##..#
.....##..##.##+#.##..#
.....##..##. ..##..#
.....''..## ####..#
.....)†..##########))#


You could see a shadow dragon, a daeva, a purple draconian shifter, a death cob,
a minotaur and a rust devil.

Vanquished Creatures
  A merfolk impaler (D)
  A hydra (D)
  A two-headed ogre (D)
  Sonja (D)
  A sun demon (D)
  A shadow wraith (D)
  A flayed ghost (D)
  A large abomination (D)
  A deep troll (D)
  A bog body (D)
  A phantasmal warrior (D)
  An orc knight (D)
  A black mamba (D)
  A molten gargoyle (D)
  A freezing wraith (D)
  An ice devil (D)
  A yaktaur (D)
  A red devil (D)
  A glass eye (D)
  2 merfolk (D)
  Grinder (D)
  3 blink frogs (D)
  A snapping turtle (D)
  A jumping spider (shapeshifter) (D)
  11 dream sheep (D)
  A shadow (D)
  A warg (D)
  A steam dragon (D)
  A basilisk (D)
  5 vampire mosquitoes (D)
  4 acid dragons (D)
  A water moccasin (D)
  2 orc warriors (D)
  2 swamp drakes (D)
  A sky beast (D)
  An ogre (D)
  2 wolves (D)
  An ogre (shapeshifter) (D)
  A crocodile (D)
  A kobold brigand (D)
  A weeping skull (D)
  4 wights (D)
  4 killer bees (D)
  A quasit (D)
  Crazy Yiuf (D)
  An orc priest (D)
  Terence (D)
  3 orc wizards (D)
  A mummy (D)
  A gnoll (D)
  An ufetubus (D)
  An adder skeleton (D)
  2 ribbon worms (D)
  A dart slug (D)
  17 orcs (D)
  A ball python (D)
  A bat (D)
  A hobgoblin (D)
  3 jackals (D)
  A quokka (D)
  A ball python skeleton (D)
  A frilled lizard (D)
  A quokka zombie (D)
113 creatures vanquished.

Vanquished Creatures (collateral kills)
  A tyrant leech (D)
  2 blink frogs (D)
  An orc warrior (D)
4 creatures vanquished.

Vanquished Creatures (others)
  A fire bat (D)
  An adder simulacrum (D)
2 creatures vanquished.

Grand Total: 119 creatures vanquished

Notes
Turn   | Place    | Note
-------+----------+-------------------------------------------
     0 | D        | boopmooplesden the Minotaur Gladiator began the quest for
                  | the Orb.
     0 | D        | Reached XP level 1. HP: 18/18 MP: 0/0
    15 | D        | Reached skill level 4 in Staves
    15 | D        | Reached XP level 2. HP: 2/25 MP: 1/1
    41 | D        | Found a bloodstained altar of Trog.
    41 | D        | Found a shimmering blue altar of Sif Muna.
    41 | D        | Found a viscous altar of Jiyva.
    41 | D        | Found a hazy altar of Hepliaklqana.
    41 | D        | Found an opulent altar of Gozag.
    42 | D        | Found a glowing golden altar of the Shining One.
    42 | D        | Found a glowing silver altar of Zin.
    42 | D        | Found a basalt altar of Yredelemnul.
    42 | D        | Found a shimmering altar of Xom.
    42 | D        | Found an ornate altar of the Wu Jian Council.
    42 | D        | Found a sacrificial altar of Ru.
    42 | D        | Found a stormy altar of Qazlal.
    42 | D        | Found an iron altar of Okawaru.
    42 | D        | Found a sparkling altar of Nemelex Xobeh.
    42 | D        | Found a burning altar of Makhleb.
    42 | D        | Found a blossoming altar of Fedhas.
    42 | D        | Found a white marble altar of Elyvilon.
    42 | D        | Found a shadowy altar of Dithmenos.
    42 | D        | Found a snail-covered altar of Cheibriados.
    43 | D        | Found a radiant altar of Vehumet.
    43 | D        | Found a corrupted altar of Lugonu.
    46 | D        | Became a worshipper of Trog the Wrathful
   120 | D        | Noticed a glass eye
   143 | D        | Killed a glass eye
   144 | D        | Reached skill level 5 in Fighting
   144 | D        | Reached skill level 9 in Staves
   144 | D        | Reached XP level 3. HP: 36/36 MP: 2/2
   144 | D        | Reached XP level 4. HP: 42/42 MP: 3/3
   144 | D        | Reached XP level 5. HP: 48/48 MP: 4/4
   148 | D        | Reached * piety under Trog
   424 | D        | Noticed Terence
   428 | D        | Reached ** piety under Trog
   429 | D        | Reached skill level 10 in Staves
   432 | D        | Killed Terence
   436 | D        | Reached *** piety under Trog
   507 | D        | Noticed an orc warrior
   507 | D        | Noticed a water moccasin
   508 | D        | Noticed Grinder
   509 | D        | Noticed a sky beast
   517 | D        | Killed a water moccasin
   518 | D        | Reached skill level 11 in Staves
   518 | D        | Reached XP level 6. HP: 57/57 MP: 5/5
   522 | D        | Killed an orc warrior
   527 | D        | Reached **** piety under Trog
   528 | D        | Reached skill level 12 in Staves
   533 | D        | Killed a sky beast
   534 | D        | Reached skill level 5 in Armour
   534 | D        | Reached skill level 1 in Stealth
   534 | D        | Reached XP level 7. HP: 60/66 MP: 6/6
   536 | D        | Reached ***** piety under Trog
   553 | D        | Killed Grinder
   554 | D        | Reached skill level 13 in Staves
   612 | D        | Received a gift from Trog
   617 | D        | Noticed a six-headed hydra
   623 | D        | Killed a six-headed hydra
   624 | D        | Reached skill level 15 in Staves
   624 | D        | Reached skill level 10 in Dodging
   624 | D        | Reached XP level 8. HP: 78/78 MP: 7/7
   643 | D        | Noticed Crazy Yiuf
   655 | D        | Killed Crazy Yiuf
   669 | D        | Noticed a two-headed ogre
   682 | D        | Killed a two-headed ogre
   683 | D        | Reached skill level 10 in Fighting
   683 | D        | Reached skill level 16 in Staves
   683 | D        | Reached XP level 9. HP: 86/86 MP: 8/8
   791 | D        | Noticed a freezing wraith
   798 | D        | Killed a freezing wraith
   798 | D        | Received a gift from Trog
   799 | D        | Reached skill level 17 in Staves
   801 | D        | Reached ****** piety under Trog
   816 | D        | Noticed a deep troll
   820 | D        | Reached skill level 10 in Armour
   823 | D        | Killed a deep troll
   824 | D        | Reached skill level 18 in Staves
   845 | D        | Noticed a black mamba
   860 | D        | Killed a black mamba
  1086 | D        | Identified the +4 lajatang of Trog's Reproof {flame, Dex+2}
                  | (Trog gifted it to you in the Dungeon)
  1086 | D        | Received a gift from Trog
  1088 | D        | Reached XP level 10. HP: 99/99 MP: 9/9
  1092 | D        | Reached skill level 19 in Staves
  1097 | D        | Identified the +3 lajatang of Grandeur {flame, rPois rC+}
                  | (Trog gifted it to you in the Dungeon)
  1097 | D        | Received a gift from Trog
  1365 | D        | Received a gift from Trog
  1368 | D        | Noticed Sonja
  1384 | D        | Killed Sonja
  1390 | D        | Reached skill level 20 in Staves
  1452 | D        | Noticed a sun demon
  1461 | D        | Received a gift from Trog
  1471 | D        | Killed a sun demon
  1472 | D        | Reached skill level 15 in Fighting
  1475 | D        | Reached XP level 11. HP: 49/112 MP: 10/10
  1640 | D        | Noticed a flayed ghost
  1643 | D        | Received a gift from Trog
  1650 | D        | Killed a flayed ghost
  1658 | D        | Reached skill level 21 in Staves
  1658 | D        | Reached skill level 15 in Armour
  1664 | D        | Received a gift from Trog
  1691 | D        | Received a gift from Trog
  1932 | D        | Noticed an orc knight
  1937 | D        | Killed an orc knight
  2074 | D        | Received a gift from Trog
  2094 | D        | Noticed a bog body
  2101 | D        | Killed a bog body
  2102 | D        | Reached skill level 22 in Staves
  2103 | D        | Identified the +7 quarterstaff "Binikhlo" {heavy, rN+}
                  | (Trog gifted it to you in the Dungeon)
  2103 | D        | Received a gift from Trog
  2120 | D        | Noticed a phantasmal warrior
  2122 | D        | Noticed a merfolk impaler
  2126 | D        | Killed a phantasmal warrior
  2135 | D        | Killed a merfolk impaler
  2557 | D        | Received a gift from Trog
  2591 | D        | Killed a shadow wraith
  2591 | D        | Received a gift from Trog
  2909 | D        | Noticed a large abomination
  2909 | D        | Noticed a shadow dragon
  2909 | D        | Noticed a purple draconian shifter
  2909 | D        | Noticed a daeva
  2909 | D        | Noticed a minotaur
  2909 | D        | Noticed a death cob
  2917 | D        | Killed a large abomination
  2918 | D        | Reached XP level 12. HP: 39/128 MP: 11/11
  2919 | D        | Slain by a death cob

Illustrated notes

Levels and vault maps discovered:
D:        pitsprint [storerooms_1, entrance_room_1, metal_vault_6, armoury_2,
          mini_pit_1, grid_room_1, main_hall_1, silver_pit, the_coven_3,
          the_vestibule_1, steel_vault_5, golden_pit, hallway_of_sentries,
          crystal_vault_4, iron_vault_1, final_vault]

Skill      XL: |  1  2  3  4  5  6  7  8  9 10 11 |
---------------+----------------------------------+-----
Staves         | 4 9 11 12 15 16 18 20 22 | 22.7
Dodging        | 4 7 8 9 10 | 10.8
Fighting       | 5 6 7 9 10 12 15 18 | 18.5
Throwing       | 3 4 |  4.9
Armour         | 2 4 5 7 9 11 14 17 | 17.4
Stealth        | 1 2 3 |  3.5

Action                     |  1- 3 |  4- 6 |  7- 9 | 10-12 || total
---------------------------+-------+-------+-------+-------++-------
  Melee: Quarterstaff      |    29 |    39 |    44 |       ||   112
         Headbutt          |     3 |     5 |    19 |    30 ||    57
         Lajatang          |       |       |    31 |   164 ||   195
  Throw: Throwing net      |       |       |     1 |       ||     1
 Invoke: Berserk           |       |     2 |     4 |     5 ||    11
         Brothers in Arms  |       |       |       |     2 ||     2
         Trog's Hand       |       |       |       |     1 ||     1
    Use: Potion            |       |       |     1 |     4 ||     5
         Scroll            |       |       |       |     1 ||     1
 Armour: Leather armour    |     5 |    11 |       |       ||    16
         Chain mail        |       |    12 |    27 |       ||    39
         Plate armour      |       |       |    33 |   199 ||   232
  Dodge: Dodged            |       |    20 |    22 |   107 ||   149
